 Dungeon Crawl Stone Soup version 0.17.0-28-g6e173f8 (webtiles) character file.

1179 septik the Caller (level 8, -4/57 HPs)
             Began as a Black Draconian Summoner on Nov 25, 2015.
             Was a Believer of Sif Muna.
             Slain by a killer bee (7 damage)
             ... on level 7 of the Dungeon.
             The game lasted 00:27:26 (7386 turns).

septik the Caller (Black Draconian Summoner)        Turns: 7386, Time: 00:27:27

Health: -4/57      AC:  7    Str: 10    XL:     8   Next: 18%
Magic:  6/16       EV: 12    Int: 19    God:    Sif Muna [**....]
Gold:   242        SH:  0    Dex: 11    Spells: 4 memorised, 8 levels left

rFire  + . .     SeeInvis .     B - +0 trident
rCold  . . .     Clarity  .     (armour unavailable)
rNeg   . . .     SustAt   .     (no shield)
rPois  .         Gourm    .     (helmet restricted)
rElec  +         Spirit   .     (no cloak)
rCorr  .         Warding  .     (no gloves)
rMut   .         Stasis   +     f - +0 pair of boots
MR     +....                    i - amulet of stasis
Stlth  ++........               w - ring of protection from fire
                                z - ring of protection from magic

@: lethally poisoned (-4 -> -16), short of breath, somewhat resistant to hostile
enchantments, unstealthy
A: breathe lightning, unfitting armour, electricity resistance, cold-blooded, AC
+6
a: Breathe Lightning, Channel Energy, Forget Spell, Renounce Religion


You were on level 7 of the Dungeon.
You worshipped Sif Muna.
Sif Muna was pleased with you.
You were not hungry.

You visited 1 branch of the dungeon, and saw 7 of its levels.

You collected 299 gold pieces.
You spent 57 gold pieces at shops.

Inventory:

Hand Weapons
 e - a +0 short sword
 m - a +3 short sword of venom
 u - a +0 club of chaos
 B - a +0 trident (weapon)
Missiles
 d - 225 stones (quivered)
Armour
 f - a +0 pair of boots (worn)
 A - a +2 large shield
Jewellery
 i - an amulet of stasis (around neck)
 o - an uncursed ring of fire
 w - a ring of protection from fire (right hand)
 z - a ring of protection from magic (left hand)
Wands
 c - a wand of frost (48)
Scrolls
 n - 3 scrolls of remove curse
 r - 2 scrolls of teleportation {unknown}
 t - 4 scrolls of identify
 v - 3 scrolls of magic mapping {unknown}
 x - a scroll of immolation {unknown}
 y - 2 scrolls of random uselessness {unknown}
 D - a scroll of fog {unknown}
Potions
 g - a potion of brilliance
 h - a potion of flight
 k - 3 potions of heal wounds {unknown}
 l - 3 potions of might
 q - 4 potions of agility
 s - a potion of lignification {unknown}
 E - a potion of resistance {unknown}
 G - a potion of degeneration {unknown}
Books
 a - a book of Callings

   Spells                             Type                      Level
   a - Summon Small Mammal            Summoning                    1
   b - Call Imp                       Summoning                    2
   c - Call Canine Familiar           Summoning                    3
   d - Summon Guardian Golem          Hexes/Summoning              3
   e - Summon Lightning Spire         Summoning/Air                4
   f - Summon Ice Beast               Ice/Summoning                4
Comestibles
 b - 3 bread rations
 j - 4 meat rations
 p - 6 fruits
 F - a beef jerky


   Skills:
 - Level 0.2 Fighting
 - Level 0.2 Short Blades
 - Level 1.9 Dodging
 - Level 1.8 Stealth
 + Level 5.8 Spellcasting
 + Level 6.4 Summonings
 * Level 5.4 Ice Magic


You had 8 spell levels left.
You knew the following spells:

 Your Spells              Type           Power        Failure   Level  Hunger
a - Summon Small Mammal   Summ           ####         1%          1    None
b - Call Imp              Summ           ####....     1%          2    None
c - Call Canine Familiar  Summ           ####....     2%          3    ##.....
d - Summon Ice Beast      Ice/Summ       ####....     12%         4    ####...


Dungeon Overview and Level Annotations

Branches:
Dungeon (7/15)
 Temple: D:4-7

Altars:
Elyvilon
Kikubaaqudgha
Makhleb
Okawaru
Ru
Sif Muna
Trog
Xom
Yredelemnul

Shops:
D:4 *   D:5 }

Annotations:
D:3 Grinder


Innate Abilities, Weirdness & Mutations

You can breathe wild blasts of lightning.
Your glossy black scales are hard (AC +6).
Your body does not fit into most forms of armour.
You are resistant to electric shocks.
You are cold-blooded and may be slowed by cold attacks.


Message History

Unknown command.
Casting: Call Imp
Confirm with . or Enter, or press ? or * to list all spells.
The killer bee stings you.
* * * LOW HITPOINT WARNING * * *
The killer bee misses you.
Unknown command.
You hit the killer bee.
The killer bee is almost dead.
You feel sick. The killer bee stings you!
* * * LOW HITPOINT WARNING * * *
You are lethally poisoned!
The killer bee poisons you!
Your hound misses the killer bee. The killer bee misses you.
Your hound barely misses the killer bee.
You miss the killer bee.
Your tail-slap misses the killer bee.
The killer bee is almost dead.
* * * LOW HITPOINT WARNING * * *
You feel sick. The killer bee stings you!
You die...

### .#...# ..#
#####.....+.. ..#
#....#....#.. ..#
#.#..#.##...##
..###......#.....#####
.(....#..#..#.#......#
#######5.#..#5#.#.##.###
# #..#........h..#.. #
#....#..#.@y†..#.# # ##
#.####..#.###.##.# #.#
.# #..5....#.# #.##.#
#.... .# #######.#.#
#y...#.....# .#
#....##.#.# ###...§...#
.######....##.#.#
#......##
................#
#...##....
#.........##..#.# #.###
### #.........##....#
#.#


You could see a killer bee, a friendly hound and a friendly crimson imp.

Vanquished Creatures
  A centaur (D:6)
  A giant frog (D:6)
  2 killer bees (D:7)
  An orc priest (D:5)
  A crimson imp (D:7)
  2 iguanas
  A centaur skeleton (D:7)
  A worker ant (D:5)
  3 adders
  2 shadow imps
  An adder skeleton (D:7)
  A worm (D:2)
  4 giant geckos
  3 orcs
  4 bats
  2 gnoll zombies (D:6)
  A goblin (D:2)
  3 hobgoblins
  A quokka (D:4)
  A ball python (D:3)
  4 kobolds
  A kobold zombie (D:4)
  5 rats (D:1)
46 creatures vanquished.

Vanquished Creatures (collateral kills)
  A water moccasin (D:7)
  A sky beast (D:6)
  A black bear (D:6)
  An ogre (D:4)
  An ice beast (D:5)
  A centaur (D:5)
  A centaur zombie (D:6)
  4 hounds
  2 crimson imps
  A jelly (D:7)
  An orc wizard (D:4)
  8 worker ants
  A mummy (D:4)
  A hound skeleton (D:4)
  2 gnolls (D:4)
  6 adders
  A shadow imp (D:5)
  An ooze (D:1)
  An adder zombie (D:6)
  A worm (D:4)
  3 giant geckos
  15 orcs
  2 bats
  A hobgoblin (D:3)
  4 jackals (D:7)
  A ball python (D:4)
  A giant gecko zombie (D:5)
  2 giant newts
  4 goblins
  A hobgoblin zombie (D:4)
  5 kobolds
  3 rats
79 creatures vanquished.

Grand Total: 125 creatures vanquished

Notes
Turn   | Place    | Note
--------------------------------------------------------------
     0 | D:1      | septik the Draconian Summoner began the quest for the Orb.
     0 | D:1      | Reached XP level 1. HP: 14/14 MP: 3/3
   215 | D:1      | Reached XP level 2. HP: 14/20 MP: 1/5
   604 | D:2      | Reached XP level 3. HP: 10/26 MP: 1/7
  1117 | D:2      | Learned a level 2 spell: Call Imp
  1121 | D:2      | Learned a level 3 spell: Call Canine Familiar
  1530 | D:3      | Found a bloodstained altar of Trog.
  1792 | D:3      | Noticed Grinder
  1841 | D:4      | Reached XP level 4. HP: 6/33 MP: 2/9
  2344 | D:4      | Found Gyhexai's Assorted Antiques.
  2349 | D:4      | Noticed an ogre
  2373 | D:4      | Killed an ogre
  2373 | D:4      | Reached XP level 5. HP: 34/38 MP: 1/11
  2389 | D:4      | Bought a murky ruby potion for 27 gold pieces
  2389 | D:4      | Bought a scroll labeled KABEKH ECOMM for 30 gold pieces
  2658 | D:4      | Reached skill level 5 in Summonings
  2698 | D:4      | Learned a level 4 spell: Summon Ice Beast
  2923 | D:4      | Found a shimmering altar of Xom.
  3416 | D:4      | Reached skill level 1 in Ice Magic
  3423 | D:4      | Found a burning altar of Makhleb.
  3738 | D:5      | Entered Level 5 of the Dungeon
  3751 | D:5      | Reached XP level 6. HP: 43/45 MP: 4/12
  4277 | D:5      | Found a deep blue altar of Sif Muna.
  4280 | D:5      | Found an ancient bone altar of Kikubaaqudgha.
  4280 | D:5      | Found a sacrificial altar of Ru.
  4285 | D:5      | Found a white marble altar of Elyvilon.
  4296 | D:5      | Became a worshipper of Sif Muna the Loreminder
  4349 | D:5      | Found Issebbu's Gadget Boutique.
  4355 | D:5      | Noticed a centaur
  4363 | D:5      | Noticed an ice beast
  4376 | D:5      | HP: 2/45 [centaur/arrow (10)]
  4728 | D:5      | Killed a centaur
  5300 | D:5      | Killed an ice beast
  5627 | D:6      | Reached skill level 5 in Spellcasting
  5627 | D:6      | Your scales start taking on a glossy black colour.
  5627 | D:6      | Gained mutation: You are resistant to electric shocks. [Black Draconian growth]
  5627 | D:6      | Reached XP level 7. HP: 50/50 MP: 7/14
  5959 | D:6      | Reached * piety under Sif Muna
  6060 | D:6      | Found an iron altar of Okawaru.
  6383 | D:6      | Found a basalt altar of Yredelemnul.
  6467 | D:6      | Reached skill level 6 in Summonings
  7152 | D:7      | Reached skill level 5 in Ice Magic
  7152 | D:7      | Reached XP level 8. HP: 39/57 MP: 16/16
  7382 | D:7      | Reached ** piety under Sif Muna
  7386 | D:7      | Slain by a killer bee

Action                   |  1- 3 |  4- 6 |  7- 9 || total
-------------------------+-------+-------+-------++-------
Melee: Unarmed           |    21 |       |       ||    21
       Short sword       |    36 |       |       ||    36
       Spear             |    40 |    71 |       ||   111
       Trident           |       |    13 |    94 ||   107
Throw: Stone             |       |       |     1 ||     1
 Cast: Summon Small Mamm |    46 |    48 |    22 ||   116
       Call Canine Famil |     4 |    25 |     5 ||    34
       Call Imp          |       |    10 |     8 ||    18
       Summon Ice Beast  |       |     6 |     3 ||     9
Invok: Channel Energy    |       |       |     1 ||     1
 Abil: Breathe Lightning |       |       |     7 ||     7
  Use: Scroll            |       |     9 |       ||     9
 Stab: Sleeping          |     1 |     2 |       ||     3
       Distracted        |     1 |     2 |       ||     3
  Eat: Chunk             |     4 |    13 |     8 ||    25
       Beef jerky        |       |       |     1 ||     1
